cohdb
Replays
Latest Replays
All Replays
Popular Replays
Top Player Replays
Match Explorer
How It Works
Community
CoH3 Stats
Reddit
Sign in to upload your games and track your stats! →
Sign in with Steam
Match 40077876
Unlisted
Match 40077876
Overview
Messages
Build Orders
End
Royal Engineer Section
Vickers Machine Gun Team
Construct Section Command Post
Infantry Section
Selects Canadian Shock Battlegroup
Grenade Package
Infantry Section
Selects Attacking Spirit
Selects Canadian Shock Section
Canadian Shock Section
Construct Field Infirmary
Construct Platoon Command Post
6-pounder Anti-tank Gun Team
Canadian Shock Section
6-pounder Anti-tank Gun Team
Infantry Training
Selects Incendiary Munitions
Selects Pyrotechnics
Selects Point Assault
Construct Company Command Post
Matilda II Heavy Tank
Matilda II Heavy Tank
Unlock M3 Grant Medium Tanks
M3 Grant Medium Tank
SteveMcQueef
REGULATOR
0
0
Comments
sign in to comment!
No comments posted yet!